Map: Orbital Shipyard

Players

ShoWTimE - Winner!

  • Race: Protoss Protoss

Elazer

  • Race: Zerg Zerg
  • League: Grandmaster

Event: DreamHack ROCCAT LotV Championship

VOD

Have the link to the VOD?

Description

Time

  • Played on: Nov. 27, 2015, 6:57 a.m.
  • Length: 14:01

All games in this series

Show
View Real Time Build Order
Export as new Build Order

ShoWTimE Protoss - Winner!

Build Orders: Nexus First, Mass Phoenix 

Get SALT Encoding   

  12  0:01  Probe (Chrono Boost)  
  13  0:11  Probe (Chrono Boost)  
  14  0:18  Pylon  
  14  0:22  Probe (Chrono Boost)  
  15  0:36  Probe (Chrono Boost)  
  16  0:46  Probe (Chrono Boost)  
  17  1:00  Nexus  
  17  1:10  Gateway  
  17  1:13  Probe (Chrono Boost)  
  18  1:19  Assimilator  
  18  1:24  Probe (Chrono Boost)  
  19  1:27  Assimilator  
  19  1:34  Probe (Chrono Boost)  
  20  1:42  Gateway  
  20  1:45  Probe (Chrono Boost)  
  21  1:55  Probe (Chrono Boost)  
  21  1:57  Cybernetics Core  
  22  2:06  Probe (Chrono Boost)  
  23  2:12  Probe (Chrono Boost)  
  26  2:17  Probe (Chrono Boost)  
  26  2:22  Probe (Chrono Boost)  
  28  2:27  Probe (Chrono Boost)  
  27  2:33  Probe (Chrono Boost)  
  27  2:34  Adept x2 (Chrono Boost), Warp Gate  
  32  2:38  Probe  
  32  2:40  Pylon  
  33  2:44  Probe (Chrono Boost)  
  33  2:50  Mothership Core (Chrono Boost)  
  36  2:56  Probe (Chrono Boost)  
  37  3:02  Stalker (Chrono Boost)  
  39  3:07  Probe (Chrono Boost)  
  39  3:09  Probe (Chrono Boost)  
  39  3:11  Adept (Chrono Boost)  
  43  3:14  Pylon  
  43  3:16  Probe  
  44  3:21  Probe (Chrono Boost)  
  45  3:28  Probe (Chrono Boost)  
  45  3:33  Probe (Chrono Boost)  
  47  3:36  Pylon  
  47  3:39  Probe (Chrono Boost)  
  48  3:43  Probe (Chrono Boost)  
  48  3:47  Stargate  
  49  3:49  Probe (Chrono Boost)  
  49  3:50  Stargate  
  49  3:53  Assimilator  
  49  3:54  Probe (Chrono Boost)  
  51  3:58  Assimilator  
  51  3:59  Pylon  
  51  4:00  Probe (Chrono Boost)  
  52  4:04  Probe (Chrono Boost), Pylon  
  53  4:10  Probe (Chrono Boost)  
  53  4:15  Probe (Chrono Boost)  
  55  4:21  Probe (Chrono Boost)  
  55  4:23  Forge  
  56  4:25  Probe (Chrono Boost)  
  57  4:32  Phoenix (Chrono Boost)  
  57  4:33  Phoenix (Chrono Boost)  
  61  4:39  Nexus  
  61  4:42  Pylon  
  61  4:44  Probe x2  
  61  4:45  Pylon  
  63  4:51  Adept  
  65  4:56  Probe x2, Phoenix (Chrono Boost)  
  69  5:00  Phoenix (Chrono Boost)  
  69  5:05  Protoss Ground Weapons Level 1  
  71  5:08  Probe x2  
  71  5:11  Photon Cannon  
  73  5:14  Sentry  
  73  5:20  Probe x2  
  77  5:22  Phoenix (Chrono Boost)  
  77  5:26  Phoenix (Chrono Boost)  
  81  5:32  Probe x2  
  83  5:36  Robotics Facility  
  83  5:42  Adept x2  
  87  5:44  Probe  
  87  5:48  Gateway  
  88  5:53  Probe  
  88  5:54  Gateway  
  88  5:55  Probe  
  90  5:59  Phoenix (Chrono Boost)  
  92  6:04  Phoenix (Chrono Boost)  
  92  6:05  Probe  
  95  6:12  Stalker x2  
  95  6:17  Probe x2  
  101  6:19  Pylon  
  101  6:20  Pylon  
  101  6:30  Probe, Robotics Bay  
  102  6:34  Probe, Assimilator x2  
  102  6:38  Pylon  
  103  6:40  Zealot x2, Pylon  
  103  6:42  Probe, Pylon  
  103  6:44  Pylon  
  108  6:47  Twilight Council  
  108  6:48  Observer (Chrono Boost)  
  108  6:53  Probe  
  110  6:57  Probe  
  111  7:05  Robotics Facility  
  111  7:14  Protoss Ground Weapons Level 2  
  111  7:19  Disruptor (Chrono Boost)  
  114  7:24  Pylon  
  114  7:28  Zealot x3  
  114  7:29  Zealot  
  122  7:32  Charge (Chrono Boost)  
  122  7:34  Gateway  
  122  7:35  Gateway  
  122  7:46  Disruptor (Chrono Boost)  
  122  7:47  Gateway  
  122  7:51  Gateway  
  125  7:55  Disruptor (Chrono Boost)  
  125  7:57  Probe  
  129  8:04  Zealot x4  
  137  8:07  Probe, Nexus  
  137  8:09  Pylon  
  137  8:10  Pylon  
  138  8:16  Gateway  
  138  8:17  Gateway  
  138  8:22  Disruptor (Chrono Boost)  
  141  8:27  Pylon  
  141  8:28  Zealot x3  
  141  8:31  Pylon  
  147  8:35  Templar Archives  
  147  8:36  Immortal (Chrono Boost), Photon Cannon  
  151  8:44  Photon Cannon x2  
  151  8:55  Disruptor (Chrono Boost)  
  154  8:56  Zealot x2  
  154  8:57  Zealot x2  
  154  9:01  Photon Cannon  
  162  9:05  Psionic Storm  
  162  9:11  Immortal (Chrono Boost)  
  164  9:20  High Templar x3  
  164  9:23  Probe  
  164  9:24  Immortal (Chrono Boost)  
  171  9:32  High Templar  
  171  9:36  Zealot x5  
  181  9:39  Assimilator  
  181  9:42  Protoss Ground Weapons Level 3 (Chrono Boost)  
  181  9:44  Warp Prism, Assimilator  
  181  10:00  Zealot x6  
  181  10:02  Immortal  
  197  10:17  Stalker  
  199  10:27  Immortal  
  197  10:38  Zealot  
  197  10:52  Immortal  
  199  10:57  Zealot  
  191  11:09  Immortal  
  189  11:17  Zealot x2  
  189  11:18  Zealot x2  
  200  11:27  Stargate  
  200  11:34  Pylon  
  196  11:46  High Templar x4  
  198  11:52  Archon  
  198  11:53  Archon  
  198  12:04  Zealot x2  
  198  12:06  Zealot  
  198  12:11  Protoss Ground Armor Level 1 (Chrono Boost)  
  171  12:15  Zealot  
  171  12:16  Zealot x2  
  171  12:22  Zealot x3  
  174  12:23  Zealot  
  174  12:27  Probe  
  167  12:32  Zealot x5  
  167  12:34  Zealot  
  173  12:42  Zealot x3  
  179  12:45  Probe  
  179  12:46  Probe x3  
  183  12:52  Fleet Beacon  
  183  12:55  Stargate  
  183  12:56  Pylon  
  183  12:57  Pylon  
  169  13:06  High Templar x2  
  169  13:07  Stalker x3, High Templar x2  
  169  13:10  Archon  
  169  13:12  Archon  
  169  13:13  Archon  
  169  13:14  Immortal x2  
  169  13:16  Zealot  
  169  13:17  Zealot x2  
  173  13:24  Zealot x2  
  163  13:36  High Templar  
  163  13:37  High Templar x3  
  163  13:39  Nexus  
  163  13:41  Pylon  
Show
View Real Time Build Order
Export as new Build Order

Elazer Zerg 

Build Orders: Hatch First, Lurkers 

Get SALT Encoding   

  12  0:00  Drone  
  13  0:12  Overlord  
  13  0:17  Drone  
  14  0:30  Drone x2  
  14  0:34  Drone  
  17  0:52  Hatchery  
  17  0:54  Drone  
  17  0:57  Drone  
  18  1:08  Extractor  
  17  1:12  Spawning Pool  
  17  1:15  Drone  
  17  1:18  Drone  
  18  1:28  Drone  
  19  1:38  Overlord  
  19  1:51  Drone  
  20  1:59  Queen  
  20  2:00  Zergling x2  
  23  2:04  Drone, Queen  
  23  2:08  Metabolic Boost  
  26  2:24  Hatchery  
  26  2:27  Drone x2  
  27  2:32  Drone x2  
  29  2:40  Queen  
  29  2:43  Drone  
  32  2:48  Overlord  
  32  2:50  Drone  
  33  2:52  Drone  
  34  3:03  Drone  
  34  3:04  Drone  
  35  3:11  Drone x3  
  38  3:13  Zergling x2  
  38  3:14  Zergling x8  
  43  3:23  Overlord  
  43  3:24  Drone  
  44  3:35  Extractor  
  44  3:36  Drone, Extractor  
  44  3:37  Drone  
  44  3:38  Drone  
  45  3:43  Drone, Roach Warren  
  45  3:44  Drone  
  45  3:45  Drone  
  45  3:46  Overlord  
  45  3:48  Drone  
  48  3:51  Drone x3  
  51  3:58  Overlord  
  51  4:02  Drone x2  
  52  4:03  Lair  
  52  4:09  Drone x2  
  54  4:11  Drone x2  
  54  4:12  Drone  
  56  4:17  Drone x2  
  56  4:18  Drone x2  
  56  4:21  Drone  
  56  4:23  Overlord  
  60  4:33  Roach x3  
  60  4:34  Roach  
  68  4:39  Overlord  
  68  4:40  Spore Crawler  
  68  4:44  Drone x3  
  70  4:46  Drone  
  70  4:48  Extractor  
  70  4:49  Drone  
  70  4:50  Drone x2  
  70  4:51  Drone x2  
  75  4:53  Drone x2  
  75  4:57  Ravager x4  
  81  5:02  Extractor  
  81  5:04  Drone  
  81  5:06  Glial Reconstitution  
  81  5:07  Overlord  
  81  5:15  Overseer  
  81  5:16  Overlord  
  81  5:18  Drone x3  
  81  5:21  Roach x2  
  88  5:25  Roach  
  88  5:26  Roach x2  
  88  5:27  Roach  
  96  5:31  Overlord  
  96  5:40  Spore Crawler  
  96  5:41  Hydralisk Den  
  96  5:42  Extractor  
  92  5:44  Drone  
  92  5:45  Drone x3  
  92  5:47  Hatchery, Spore Crawler x2  
  92  5:49  Spore Crawler  
  91  5:50  Overlord  
  91  5:53  Queen  
  91  5:54  Queen  
  93  6:04  Overlord x2  
  93  6:15  Muscular Augments  
  93  6:17  Overlord  
  93  6:22  Queen  
  93  6:24  Drone  
  96  6:27  Hydralisk x5  
  96  6:32  Overlord x2  
  106  6:42  Evolution Chamber x2, Infestation Pit  
  103  6:52  Drone x3  
  103  6:53  Drone x3  
  103  6:54  Hydralisk  
  110  7:11  Overlord  
  110  7:12  Drone  
  110  7:13  Drone, Zerg Melee Weapons Level 1  
  110  7:14  Zerg Ground Armor Level 1  
  110  7:15  Drone x3  
  112  7:16  Drone  
  112  7:22  Hive  
  110  7:23  Overlord x2  
  110  7:29  Overlord x2  
  110  7:30  Hydralisk x5  
  110  7:33  Lurker Den  
  120  7:41  Drone  
  120  7:42  Drone x2  
  120  7:43  Drone x3  
  123  7:45  Hydralisk x3  
  129  7:52  Overlord  
  129  7:59  Roach x6  
  129  8:04  Drone x3  
  144  8:07  Drone x4  
  144  8:08  Drone x2  
  150  8:15  Overseer  
  150  8:22  Drone x3  
  150  8:23  Overlord, Extractor  
  150  8:26  Extractor  
  151  8:32  Hydralisk x3  
  157  8:34  Viper  
  157  8:37  Overlord x2  
  157  8:38  Overlord  
  157  8:40  Spore Crawler  
  159  8:41  Spore Crawler  
  159  8:42  Viper  
  159  8:44  Spore Crawler, Viper  
  163  8:50  Hydralisk  
  163  8:51  Hydralisk x3  
  163  8:55  Overlord  
  168  8:57  Viper  
  168  9:00  Lurker x2  
  173  9:08  Zerg Missile Weapons Level 1  
  167  9:11  Drone x3  
  167  9:12  Drone x3  
  172  9:19  Roach x6  
  184  9:27  Drone x3  
  187  9:36  Lurker x2  
  187  9:37  Lurker x2  
  191  9:40  Roach x3  
  191  9:41  Hatchery, Roach  
  191  9:44  Ravager  
  199  9:55  Ultralisk Cavern  
  185  10:18  Zerg Melee Weapons Level 2  
  185  10:19  Adrenal Glands  
  179  10:32  Zergling x12  
  182  10:42  Drone x2  
  184  10:43  Drone x4, Spine Crawler  
  184  10:44  Spine Crawler  
  184  10:49  Chitinous Plating  
  186  10:57  Ultralisk x3  
  192  11:19  Ultralisk  
  192  11:22  Spine Crawler x2  
  192  11:23  Spine Crawler  
  195  11:27  Hatchery  
  194  11:42  Ultralisk  
  176  12:18  Ultralisk x4  
  176  12:19  Ultralisk  
  176  12:21  Zergling x12  
  180  12:32  Zergling x2  
  180  12:33  Zergling x12  
  180  12:34  Drone x5  
  180  12:35  Drone x4  
  188  12:41  Zergling x2  
  188  12:42  Zergling x14  
  188  12:43  Ultralisk Cavern  
  171  12:46  Hydralisk x6  
  171  12:49  Drone  
  171  12:50  Drone x4  
  183  12:52  Extractor  
  170  13:07  Spire  
  98  13:24  Zergling x2  
  98  13:25  Zergling x14  
  92  13:27  Drone x2  

Tags
 
Add a new tag
Caveats
  • Supply blocks, unpowered buildings, or Contaminate may cause inaccurate times.
  • Supply counts are checked every 10 seconds.